 Dungeon Crawl Stone Soup version 0.27.1-1-g398f81649c (webtiles) character file.

Game seed: 12911255043597345357

32 Gabide the Sneak (level 3, 0/18 HPs)
             Began as a Vine Stalker Brigand on Sept 20, 2021.
             Succumbed to an adder's poison
             ... on level 2 of the Dungeon.
             The game lasted 00:03:12 (1365 turns).

Gabide the Sneak (Vine Stalker Brigand)             Turns: 1365, Time: 00:03:13

Health: 0/18       AC:  3    Str: 15    XL:     3   Next: 25%
Magic:  3/4        EV: 11    Int: 11    God:
Gold:   31         SH:  0    Dex: 16    Spells: 2/2 levels left

rFire    . . .     SeeInvis .   a - +2 dagger
rCold    . . .     Faith    .   (no shield)
rNeg     . . .     Spirit   +   b - +0 robe
rPois    .         Reflect  .   (no helmet)
rElec    .         Harm     .   c - +0 cloak
rCorr    .         Rampage  .   (no gloves)
Will     .....                  (no boots)
Stlth    +++.......             (no amulet)
HPRegen  0.06/turn              (no ring)
MPRegen  0.09/turn              (no ring)

@: mighty, lethally poisoned (0 -> -4)
A: fangs 2, magic shield, antimagic bite, no potion heal 2, strong 1
a: no special abilities


You were on level 2 of the Dungeon.
You visited 1 branch of the dungeon, and saw 2 of its levels.

You collected 31 gold pieces.

Inventory:

Hand Weapons
 a - a +2 dagger (weapon)
Missiles
 d - 18 poisoned darts (quivered)
 e - 2 curare-tipped darts
Armour
 b - a +0 robe (worn)
 c - a +0 cloak (worn)
Scrolls
 h - a scroll of identify {unknown}


   Skills:
 + Level 1.9 Fighting
 * Level 2.2 Short Blades
 + Level 1.9 Throwing
 + Level 0.9 Dodging
 + Level 5.7 Stealth


You had 2 spell levels left.
You didn't know any spells.
Your spell library was empty.

Dungeon Overview and Level Annotations

Branches:
Dungeon (2/15)

Altars:

Shops:
D:1 (


Innate Abilities, Weirdness & Mutations

You have extremely sharp teeth.
When hurt, damage is shared between your health and your magic reserves.
Your bite disrupts and absorbs the magic of your enemies.
Potions cannot restore your health.
Your muscles are strong. (Str +2)


Message History

You are too injured to fight recklessly!
You are too injured to fight recklessly!
You are too injured to fight recklessly!
You are too injured to fight recklessly!
You are too injured to fight recklessly!
You are too injured to fight recklessly!
You are too injured to fight recklessly!
You are too injured to fight recklessly!
You are too injured to fight recklessly!
You are too injured to fight recklessly!
Unknown command.
You are too injured to fight recklessly!
You are too injured to fight recklessly!
Throw: 20 darts (poison)
Press: ? - help, Q - select action, (/) - cycle Shift-Dir - straight line, f/p - adder
Aim: an adder (heavily wounded, poisoned, 40% to hit)
You throw a poisoned dart.
The poisoned dart barely misses the adder.
You feel sick. The adder bites you.
You are lethally poisoned!
The adder poisons you!
Throw: 19 darts (poison)
Press: ? - help, Q - select action, (/) - cycle Shift-Dir - straight line, f/p - adder
Aim: an adder (severely wounded, poisoned, 40% to hit)
You throw a poisoned dart. The poisoned dart hits the adder.
The adder looks even sicker.
The adder is severely wounded.
* * * LOW HITPOINT WARNING * * *
You feel sick. The adder closely misses you.
It was a potion of mutation.
You feel extremely strange.
Large bone plates grow over parts of your arms.
Your large bone plates disappear.
You feel stronger.
* * * LOW HITPOINT WARNING * * *
You feel sick. The adder closely misses you.
A gnoll comes into view. It is wielding a +0 flail.
* * * LOW HITPOINT WARNING * * *
You feel sick. The adder bites you but does no damage.
It was a potion of might.
You feel very mighty all of a sudden.
You die...

.....................
#...................
##........#.........
#..........#........
#..........##.......
#..........# ####..#
#..........##.....##
............#..# #
.##........#.@#
##......#.S##
#.##.###g##
#.........
#......(..#
#>........#
#.........# ..g.(..
(......


You could see a gnoll, an adder (very poisoned) and a goblin.

Vanquished Creatures
  An adder (D:2)
  4 bats (D:1)
  3 endoplasms
  A hobgoblin (D:1)
  A quokka (D:1)
  3 ball pythons (D:1)
  A frilled lizard (D:1)
  3 goblins (D:1)
  3 kobolds (D:1)
  3 rats
23 creatures vanquished.

Vanquished Creatures (others)
  A plant (D:2)
1 creature vanquished.

Grand Total: 24 creatures vanquished

Notes
Turn   | Place    | Note
-------+----------+-------------------------------------------
     0 | D:1      | Gabide the Vine Stalker Brigand began the quest for the
                  | Orb.
     0 | D:1      | Reached XP level 1. HP: 11/11 MP: 2/2
   100 | D:1      | Reached skill level 5 in Stealth
   220 | D:1      | Found Uzepac's Antique Weapon Shop.
   226 | D:1      | Reached XP level 2. HP: 15/15 MP: 3/3
  1291 | D:2      | Reached XP level 3. HP: 15/18 MP: 2/4
  1363 | D:2      | Gained mutation: You are partially covered in large bone
                  | plates. (SH +4) [potion of mutation]
  1363 | D:2      | Lost mutation: You are partially covered in large bone
                  | plates. (SH +4) [potion of mutation]
  1363 | D:2      | Gained mutation: Your muscles are strong. (Str +2) [potion
                  | of mutation]
  1365 | D:2      | Succumbed to an adder's poison

Illustrated notes

Levels and vault maps discovered:
D:1:      amcnicky_arrival_wind_blow, layout_basic, serial_shops, shop
D:2:      layout_rooms, dreamdust_ecumenical_altar_grove, amethyst_killhole,
          uniq_natasha

Skill      XL: |  1  2 |
---------------+-------+-----
Stealth        | 5 |  5.7
Short Blades   | 2 |  2.2
Fighting       | |  1.9
Throwing       | |  1.9
Dodging        | |  0.9

Action                   || total
-------------------------++-------
Melee: Dagger            ||    53
       Bite              ||     6
Throw: Dart              ||    19
  Use: Potion            ||     2
 Stab: Sleeping          ||     1
Armor: Robe              ||    11
Dodge: Dodged            ||    27
